 Dungeon Sprint DCSS version 0.30-a0-389-g8d7d949f56 (webtiles) character file.

Game seed: 15266327985732992789

1777 mhtbhm the Earth Mage (level 9, 0/45 HPs)
             Began as a Gargoyle Earth Elementalist on Dec 3, 2022.
             Was a Priest of Vehumet.
             Slain by a +2 vorpal war axe (8 damage)
             ... in the Dungeon (Sprint V: "Ziggurat Sprint").
             The game lasted 00:03:58 (444 turns).

mhtbhm the Earth Mage (Gargoyle Earth Elementalist)  Turns: 444, Time: 00:03:59

Health: 0/45       AC: 11    Str: 13    XL:     9   Next: 8%
Magic:  13/22      EV: 13    Int: 31    God:    Vehumet [***...]
Gold:   0          SH:  0    Dex: 10    Spells: 16/26 levels left

rFire   + . .      SeeInvis .    a - +8 lance "Wyrmbane" {slay drac, rPois rF+ rC+ AC+3}
rCold   + . .      Faith    .    (no shield)
rNeg    + . .      Spirit   .    b - +0 robe
rPois   ∞          Reflect  .    (no helmet)
rElec   +          Harm     .    (no cloak)
rCorr   .          Rampage  .    (no gloves)
Will    .....      NoTele   +    (no boots)
Stlth   +++.......               (no amulet)
HPRegen 0.27/turn                u - +6 ring of intelligence
MPRegen 0.18/turn                t - +6 ring of intelligence

@: no status effects
A: sickness immunity, AC +6, negative energy resistance 1, electricity
resistance, torment resistance 1, petrification resistance
a: Renounce Religion


You were in the Dungeon.
You worshipped Vehumet.
Vehumet was most pleased with you.
You visited 1 branch

Inventory:

Hand Weapons
 a - the +8 lance "Wyrmbane" (weapon) {slay drac, rPois rF+ rC+ AC+3}
   (You found it in the Dungeon)

   It inflicts extra damage against dragons and draconians.
   AC:        It affects your AC (+3).
   rF:        It protects you from fire.
   rC:        It protects you from cold.
   rPois:     It protects you from poison.
Armour
 b - a +0 robe (worn)
Magical Staves
 v - a staff of earth
Jewellery
 r - a ring of resist corrosion
 t - a +6 ring of intelligence (right hand)
 u - a +6 ring of intelligence (left hand)
Wands
 x - a wand of mindburst (7)
 y - a wand of quicksilver (2)
Scrolls
 g - 3 scrolls of blinking
 m - 4 scrolls of amnesia
 n - 6 scrolls of fog
 o - 5 scrolls of identify
 p - 2 scrolls of fear
 q - a scroll of brand weapon
Potions
 c - 10 potions of curing
 d - 9 potions of heal wounds
 e - 6 potions of haste
 f - 3 potions of berserk rage
 h - 2 potions of brilliance
 i - 2 potions of invisibility
 j - 4 potions of resistance
 k - a potion of experience
 l - 5 potions of might
 A - 7 potions of magic
Miscellaneous
 z - a lightning rod (4/4)


   Skills:
 + Level 6.0 Dodging
 + Level 6.2 Stealth
 + Level 9.2 Spellcasting
 + Level 4.6 Conjurations
 + Level 2.0 Transmutations
 + Level 16.3 Earth Magic
 + Level 3.1 Evocations


You had 16 spell levels left.
You knew the following spells:

 Your Spells              Type           Power      Damage    Failure   Level
a - Sandblast             Erth           100%       2d20      0%          1
b - Passwall              Tmut/Erth      53%        N/A       1%          2
c - Stone Arrow           Conj/Erth      100%       3d13      1%          3
d - Petrify               Tmut/Erth      64%        N/A       1%          4

Your spell library contained the following spells:

 Spells                   Type           Power      Damage    Failure   Level
 Poisonous Vapours        Pois/Air       28%        N/A       1%          2


Dungeon Overview and Level Annotations

Branches:
Dungeon (1/1)

Altars:
Ashenzari
Cheibriados
Dithmenos
Elyvilon
Fedhas
Gozag
Hepliaklqana
Kikubaaqudgha
Makhleb
Nemelex Xobeh
Okawaru
Qazlal
Ru
Sif Muna
Trog
Uskayaw
Vehumet
Wu Jian
Xom
Yredelemnul
Zin
The Shining One
Jiyva
Lugonu

Annotations:
D 1 transporter


Innate Abilities, Weirdness & Mutations

You are immune to sickness and miasma.
Your stone body is resilient. (AC +6)
You are immune to poison.
You resist negative energy. (rN+)
You are resistant to electric shocks. (rElec)
You are resistant to unholy torment.
You are immune to petrification.


Message History

The stone arrow hits the +2 vorpal war axe!
The +2 vorpal war axe is heavily damaged.
The deep elf zephyrmancer shouts!
The deep elf knight shouts!
The deep elf knight gestures at you while chanting.
The shard of ice hits you!! You partially resist.
Ouch! That really hurt!
* * * LOW HITPOINT WARNING * * *
Unknown command.
Unknown command.
Casting: Stone Arrow (safe; 1% risk of failure)
Confirm with . or Enter, or press ? or * to list all spells.
You don't know that spell.
Unknown command.
Unknown command.
You feel much better.
Unknown command.
Unknown command.
Casting: Stone Arrow (safe; 1% risk of failure)
Confirm with . or Enter, or press ? or * to list all spells.
Aiming: Stone Arrow (safe; 1% risk of failure)
Press: ? - help, Shift-Dir - straight line, f/p - +2 vorpal war axe
Aim: a +2 vorpal war axe (purple smoke, moderately damaged, 55% to hit)
The stone arrow hits the +2 vorpal war axe!
The +2 vorpal war axe is severely damaged.
The +2 vorpal war axe hits you.
Unknown command.
Unknown command.
Unknown command.
Casting: Stone Arrow (safe; 1% risk of failure)
Confirm with . or Enter, or press ? or * to list all spells.
Aiming: Stone Arrow (safe; 1% risk of failure)
Press: ? - help, Shift-Dir - straight line, f/p - +2 vorpal war axe
Aim: a +2 vorpal war axe (purple smoke, severely damaged, 55% to hit)
The stone arrow misses the +2 vorpal war axe.
The stone arrow hits the deep elf zephyrmancer!!
The deep elf zephyrmancer is heavily wounded.
The +2 vorpal war axe hits you!!
Ouch! That really hurt!
* * * LOW HITPOINT WARNING * * *
You die...

▓..©..▓..©..▓▓▓▓▓▓▓
▓▓▓▓▓▓▓▓▓▓▓▓▓▓▓▓▓▓▓
▓..8©8...▓..8©8...▓
▓..))=...▓..)|:...▓
▓...}....▓..eee...▓
▓........▓..§.....▓
▓........▓.§eee§..▓
▓.▓)...▓.▓.▓§(§§▓.▓
▓...©....▓.§§@§§..▓
▓▓▓▓▓▓▓▓▓▓▓▓▓▓▓▓▓▓▓


You could see a deep elf archer (repels missiles), a deep elf knight, a deep elf
zephyrmancer and a +2 vorpal war axe.

Vanquished Creatures
  3 toenail golems (D)
  A guardian mummy (D)
  A spriggan (D)
  2 black bears (D)
  A wolf (D)
  2 scorpions (D)
  2 mummies (D)
  A bat zombie (D)
13 creatures vanquished.

Notes
Turn   | Place    | Note
-------+----------+-------------------------------------------
     0 | D        | mhtbhm the Gargoyle Earth Elementalist began the quest for
                  | the Orb.
     0 | D        | Reached XP level 1. HP: 10/10 MP: 3/3
     0 | D        | Found a shimmering blue altar of Sif Muna.
     0 | D        | Found a bloodstained altar of Trog.
     0 | D        | Found a sacrificial altar of Ru.
     0 | D        | Found a stormy altar of Qazlal.
     0 | D        | Found an iron altar of Okawaru.
     1 | D        | Found a sparkling altar of Nemelex Xobeh.
     1 | D        | Found a blossoming altar of Fedhas.
     1 | D        | Found the +6 Majin-Bo {vamp, MP+6 Int+6}
     1 | D        | Found the +9 heavy crossbow "Sniper" {vorpal, Acc+∞ SInv}
     1 | D        | Found the +10 dark maul {vorpal}
     1 | D        | Found the +15 Maxwell's patent armour {-Cast -Tele rElec
                  | Will+ rCorr}
     1 | D        | Found the +18 shield of the Gong {rElec rN+ Will+ EV-5}
     1 | D        | Found the +14 obsidian axe {vorpal, Mesm Drain Fly SInv}
     1 | D        | Found the +7 great mace "Firestarter" {inner flame, rF++}
     1 | D        | Found the +6 shillelagh "Devastator" {shatter}
     1 | D        | Found the +11 plutonium sword {Contam Stlth-}
     1 | D        | Found the +8 lance "Wyrmbane" {slay drac, rPois rF+ rC+
                  | AC+3}
     1 | D        | Found the +9 sword of Zonguldrok {reap}
     1 | D        | Found the +13 scythe of Curses {drain, Drain}
     1 | D        | Found the +5 sword of Power {vorpal}
     1 | D        | Found the +7 mace of Variability {chain chaos}
     1 | D        | Found the +7 Singing Sword {vorpal, sonic wave}
     1 | D        | Found the +8 storm bow {elec, penet}
     3 | D        | Found a transporter.
     3 | D        | Found an ancient bone altar of Kikubaaqudgha.
     3 | D        | Found a viscous altar of Jiyva.
     3 | D        | Found a corrupted altar of Lugonu.
     3 | D        | Found a hazy altar of Hepliaklqana.
     3 | D        | Found a burning altar of Makhleb.
     3 | D        | Found an opulent altar of Gozag.
    59 | D        | Became a worshipper of Vehumet
    99 | D        | Entered arena 2.
    99 | D        | Noticed a scorpion
    99 | D        | Noticed a scorpion
    99 | D        | Found a transporter.
   101 | D        | Killed a scorpion
   102 | D        | Reached skill level 1 in Transmutations
   102 | D        | Reached skill level 7 in Earth Magic
   102 | D        | Reached XP level 2. HP: 13/15 MP: 4/6
   102 | D        | Reached XP level 3. HP: 17/19 MP: 4/7
   103 | D        | Killed a scorpion
   104 | D        | Reached skill level 9 in Earth Magic
   104 | D        | Reached XP level 4. HP: 22/24 MP: 2/10
   104 | D        | Reached XP level 5. HP: 26/28 MP: 2/11
   114 | D        | Learned a level 2 spell: Passwall
   118 | D        | Learned a level 3 spell: Stone Arrow
   123 | D        | Learned a level 4 spell: Petrify
   179 | D        | Entered arena 3.
   179 | D        | Noticed a toenail golem
   179 | D        | Noticed a toenail golem
   179 | D        | Noticed a toenail golem
   179 | D        | Found a transporter.
   182 | D        | Killed a toenail golem
   182 | D        | Reached * piety under Vehumet
   182 | D        | Offered knowledge of Shock by Vehumet.
   183 | D        | Reached skill level 5 in Stealth
   183 | D        | Reached skill level 1 in Conjurations
   183 | D        | Reached skill level 12 in Earth Magic
   183 | D        | Reached skill level 1 in Evocations
   183 | D        | Reached XP level 6. HP: 32/32 MP: 2/15
   190 | D        | Killed a toenail golem
   191 | D        | Reached skill level 5 in Dodging
   191 | D        | Reached skill level 14 in Earth Magic
   191 | D        | Reached XP level 7. HP: 32/36 MP: 6/18
   193 | D        | Killed a toenail golem
   194 | D        | Reached skill level 15 in Earth Magic
   194 | D        | Reached XP level 8. HP: 27/41 MP: 0/20
   309 | D        | Entered arena 4.
   309 | D        | Noticed a guardian mummy
   309 | D        | Found a transporter.
   311 | D        | Reached ** piety under Vehumet
   316 | D        | Killed a guardian mummy
   414 | D        | Entered arena 5.
   414 | D        | Noticed a spriggan
   414 | D        | Found a transporter.
   416 | D        | Offered knowledge of Poisonous Vapours by Vehumet.
   416 | D        | Reached *** piety under Vehumet
   418 | D        | Reached skill level 16 in Earth Magic
   418 | D        | Killed a spriggan
   419 | D        | Reached XP level 9. HP: 44/45 MP: 20/22
   439 | D        | Entered arena 6.
   439 | D        | Noticed a deep elf zephyrmancer
   439 | D        | Noticed a deep elf archer
   439 | D        | Noticed a +2 vorpal war axe
   439 | D        | Noticed a deep elf knight
   439 | D        | Found a transporter.
   444 | D        | Slain by a +2 vorpal war axe

Illustrated notes

Levels and vault maps discovered:
D:        sprint_v [room_start, room_1, room_2, room_3, room_4, room_5, room_6,
          room_7, room_8, room_9, room_10, room_11, room_12, room_13, room_14,
          room_15, room_16, room_17, room_18, room_19, room_20, room_21,
          room_22, room_23, room_24, room_25, room_26, room_27]

Skill      XL: |  1  2  3  4  5  6  7  8 |
---------------+-------------------------+-----
Dodging        | 2 3 4 5 6 |  6.0
Stealth        | 3 5 6 |  6.2
Spellcasting   | 3 4 6 7 8 9 |  9.2
Transmutations | 1 2 |  2.0
Earth Magic    | 7 9 12 14 15 16 | 16.3
Conjurations   | 1 2 3 4 |  4.6
Evocations     | 1 2 3 |  3.1

Action                   |  1- 3 |  4- 6 |  7- 9 || total
-------------------------+-------+-------+-------++-------
 Cast: Sandblast         |     2 |       |       ||     2
       Stone Arrow       |       |     7 |    12 ||    19
Evoke: Wand              |     2 |     2 |     1 ||     5
       Lightning rod     |       |       |     4 ||     4
  Use: Scroll            |       |     1 |     1 ||     2
       Potion            |       |     1 |     1 ||     2
Armor: Robe              |       |     2 |     1 ||     3
Dodge: Dodged            |     2 |     2 |     1 ||     5

Table legend: (Time is in decaauts)
 A = Elapsed time spent in this place.
 B = Non-inter-level travel time spent in this place.
 C = Inter-level travel time spent in this place.
 D = Time resting spent in this place.
 E = Time spent auto-exploring this place.
 F = Levels seen in this place.
 G = Mean time per level.
                   A        B        C        D        E       F      G
               +--------+--------+--------+--------+--------+-----+--------+
         Total |    443 |    443 |      0 |    256 |      0 |   1 |  443.0 |
       Dungeon |    443 |    443 |      0 |    256 |      0 |   1 |  443.0 |
               +--------+--------+--------+--------+--------+-----+--------+

Top non-repeatable levels by time:
       D: 443 daAuts
